 Dungeon Crawl Stone Soup version 0.31.0-12-g77e489cdc1 (webtiles) character file.

Game seed: 2367076929211963115

371 monsoonserge the Cutter (level 6, -1/32 HPs)
             Began as a Spriggan Monk on Feb 20, 2024.
             Was a Priest of Wu Jian.
             Slain by an orc wizard
             ... wielding a +0 dagger
              (9 damage)
             ... on level 4 of the Dungeon.
             The game lasted 00:06:57 (2839 turns).

monsoonserge the Cutter (Spriggan Monk)             Turns: 2839, Time: 00:06:58

Health: -1/32      AC:  4    Str:  7    XL:     6   Next: 42%
Magic:  7/7        EV:  4    Int: 11    God:    Wu Jian [***...]
Gold:   63         SH:  0    Dex: 20    Spells: 5/5 levels left

rFire   . . .        a - +0 short sword
rCold   . . .        (no shield)
rNeg    . . .        b - +0 robe
rPois   .            (helmet restricted)
rElec   .            p - +1 cloak
rCorr   .            (gloves unavailable)
SInv    +            (boots unavailable)
Will    ++...        (no amulet)
Stlth   ++           (no ring)
HPRegen 0.25/turn    (no ring)
MPRegen 0.10/turn

%: no passive effects
@: sleeping, enlightened, flying, very quick
A: very small, no large weapons, unfitting armour, see invisible, speed 3
a: Renounce Religion, Wall Jump, Serpent's Lash


You were on level 4 of the Dungeon.
You worshipped Wu Jian.
Wu Jian was most pleased with you.
You visited 1 branch of the dungeon, and saw 4 of its levels.

You collected 133 gold pieces.
You spent 70 gold pieces at shops.

Inventory:

Hand Weapons
 a - a +0 short sword (weapon)
 j - a +0 dagger of pain
Missiles
 x - 3 poisoned darts (quivered)
Armour
 b - a +0 robe (worn)
 p - a +1 cloak (worn)
Magical Staves
 s - a staff of fire
Talismans
 n - a maw talisman
Wands
 v - a wand of acid (10)
Scrolls
 e - a scroll of poison {unknown}
 f - 2 scrolls of amnesia {unknown}
 h - 3 scrolls of blinking
 m - 2 scrolls of noise {unknown}
 o - 3 scrolls of identify {unknown}
 r - 2 scrolls of immolation {unknown}
 t - 2 scrolls of brand weapon {unknown}
 w - a scroll of teleportation {unknown}
Potions
 c - 2 potions of ambrosia
 g - a potion of mutation {unknown}
 i - a potion of invisibility {unknown}
 k - a potion of curing {unknown}
 l - 2 potions of berserk rage
 q - a potion of haste {unknown}
 u - a potion of enlightenment


   Skills:
 + Level 3.3 Fighting
 * Level 6.2 Short Blades
 + Level 6.0 Dodging
 + Level 1.2 Stealth


You had 5 spell levels left.
You didn't know any spells.
Your spell library contained the following spells:

 Spells                   Type           Power      Damage    Failure   Level
 Sting                    Conj/Alch      0%         1d3       34%         1
 Mercury Vapours          Alch/Air       0%         N/A       47%         2
 Inner Flame              Hex/Fire       0%         N/A       71%         3
 Flame Wave               Conj/Fire      0%         2d4       98%         4
 Olgreb's Toxic Radiance  Alch           0%         N/A       98%         4
 Sticky Flame             Fire/Alch      0%         2d4       98%         4


Dungeon Overview and Level Annotations

Branches:
Dungeon (4/15)
 Temple: D:4-7

Altars:
Ashenzari
Wu Jian

Shops:
D:4 *

Annotations:
D:3 1 runed translucent door, 2 transporters, Crazy Yiuf; OrangePaws's ghost, amateur VSMo


Innate Abilities, Weirdness & Mutations

You are very small and have problems with some larger weapons.
You are too small for most types of armour.
You have supernaturally acute eyesight. (SInv)
You cover ground extremely quickly. (Speed+++)


Message History

Unknown command.
You spin and attack the giant cockroach.
You barely miss the giant cockroach.
Unknown command.
Unknown command.
You hit the giant cockroach.
The giant cockroach is severely wounded.
The giant cockroach closely misses you.
You spin and attack the orc priest.
You hit the orc priest.
You kill the orc priest!
The Council accepts your kill.
You spin and attack the giant cockroach.
You hit the giant cockroach but do no damage.
The giant cockroach is severely wounded.
The giant cockroach completely misses you.
Unknown command.
Unknown command.
You spin and attack the orc wizard.
You hit the orc wizard.
The orc wizard is heavily wounded.
You spin and attack the sleepcap.
You hit the sleepcap.
The sleepcap is lightly damaged.
Unknown command.
Unknown command.
Unknown command.
You spin and attack the sleepcap.
You hit the sleepcap but do no damage.
The sleepcap is lightly damaged.
The sleepcap releases spores at you.
Unknown command.
Unknown command.
Unknown command.
You spin and attack the orc wizard.
You barely miss the orc wizard.
The orc wizard is heavily wounded.
You spin and attack the sleepcap.
You hit the sleepcap but do no damage.
The sleepcap is lightly damaged.
The sleepcap releases spores at you.
* * * LOW HITPOINT WARNING * * *
You are engulfed in a cloud of soporific spores!
You fall asleep.
The orc wizard hits you with a +0 dagger!
You die...

...###...............
#...[................
#..................
#..................
#..................
#..................
#......†..h........
##.....oo)f........
#.......Bo@....... #
#................. #
#..).............. #
#.....(........... ##
#................. .#
##................... .#
##.....................
.####....[.................
..##..###..................


You could see a sleepcap, an orc wizard (invisible), 2 orcs, a jackal and a
giant cockroach.

Vanquished Creatures
  Grinder (D:3)
  An orc priest (D:4)
  Terence (D:3)
  2 iguanas (D:4)
  2 adders
  6 ball pythons
  2 bats (D:2)
  5 endoplasms (D:1)
  5 giant cockroaches
  12 goblins
  5 hobgoblins
  2 jackals (D:4)
  8 kobolds
  A quokka (D:2)
  A frilled lizard (D:3)
  5 rats
59 creatures vanquished.

Notes
Turn   | Place    | Note
-------+----------+-------------------------------------------
     0 | D:1      | monsoonserge the Spriggan Monk began the quest for the Orb.
     0 | D:1      | Reached XP level 1. HP: 11/11 MP: 2/2
   154 | D:1      | Reached XP level 2. HP: 16/16 MP: 3/3
   468 | D:1      | Found a faded altar of an unknown god.
   482 | D:1      | Prayed at the altar of an unknown god.
   482 | D:1      | Became a worshipper of the Wu Jian Council
   482 | D:1      | Reached * piety under Wu Jian
   482 | D:1      | Reached ** piety under Wu Jian
   857 | D:2      | Reached XP level 3. HP: 19/19 MP: 4/4
   914 | D:2      | Reached *** piety under Wu Jian
  1162 | D:2      | Identified the +1 dire flail "Coig" {chaos, rF+ rC+ SInv}
  1466 | D:3      | Noticed Terence
  1486 | D:3      | Killed Terence
  1487 | D:3      | Reached skill level 5 in Dodging
  1487 | D:3      | Reached XP level 4. HP: 15/23 MP: 5/5
  1769 | D:3      | Found a runed translucent door.
  1770 | D:3      | Noticed Crazy Yiuf
  1890 | D:3      | Found a broken altar of Ashenzari.
  1945 | D:3      | Found a transporter.
  2033 | D:3      | Noticed OrangePaws's ghost (amateur VSMo)
  2034 | D:3      | Found a transporter.
  2113 | D:3      | Noticed Grinder
  2131 | D:3      | Killed Grinder
  2132 | D:3      | Reached skill level 5 in Short Blades
  2132 | D:3      | Reached skill level 1 in Stealth
  2132 | D:3      | Reached XP level 5. HP: 5/28 MP: 6/6
  2132 | D:3      | Reached XP level 6. HP: 6/32 MP: 7/7
  2670 | D:4      | Found Luraan's General Store.
  2674 | D:4      | Bought a potion of berserk rage for 70 gold pieces
  2839 | D:4      | Slain by an orc wizard

Illustrated notes

Levels and vault maps discovered:
D:1:      dpeg_arrival_short_road, layout_basic, ebering_ecumenical_altar_hall,
          nicolae_figureground_sparkle
D:2:      layout_basic, chequers_serial_rivers_small_b, minmay_hexomino_p4
D:3:      kennysheep_the_goblin_king, layout_loops_corners, ashenzari_altar_1,
          gammafunk_ghost_mausoleum, uniq_terence, uniq_grinder,
          uniq_crazy_yiuf_cottage
D:4:      minmay_evil_eye, layout_layer_cave, serial_shops,
          nicolae_shop_just_a_little_nook

Skill      XL: |  1  2  3  4  5  6 |
---------------+-------------------+-----
Short Blades   | 4 5 6 |  6.2
Dodging        | 5 6 |  6.0
Fighting       | 3 |  3.3
Stealth        | 1 |  1.2

Action                     |  1- 3 |  4- 6 || total
---------------------------+-------+-------++-------
  Melee: Short sword       |   135 |   151 ||   286
         Punch             |       |     3 ||     3
Ability: Lunge             |     6 |     7 ||    13
         Whirlwind         |    13 |    51 ||    64
    Use: Scroll            |     1 |       ||     1
         Potion            |       |     2 ||     2
 Armour: Robe              |    18 |    19 ||    37
  Dodge: Dodged            |    77 |    92 ||   169
